 Dungeon Crawl Stone Soup version 0.18.1-6-gd335043 (webtiles) character file.

1990 Gingerlord the Skirmisher (level 9, 0/69 HPs)
             Began as a Formicid Abyssal Knight on May 17, 2016.
             Was a High Priest of Lugonu.
             Killed from afar by an electric eel (13 damage)
             ... with a bolt of electricity
             ... on level 6 of the Dungeon.
             The game lasted 00:16:51 (5938 turns).

Gingerlord the Skirmisher (Formicid Abyssal Knight) Turns: 5938, Time: 00:16:52

Health: 0/69       AC: 10    Str: 15    XL:     9   Next: 44%
Magic:  13/13      EV:  4    Int: 12    God:    Lugonu [*****.]
Gold:   81         SH: 13    Dex: 13    Spells: 0 memorised, 8 levels left

rFire  . . .     SeeInvis +     E - +1 great sword
rCold  . . .     Gourm    .     C - +0 chain mail
rNeg   . . .     Faith    .     v - +0 large shield
rPois  +         Spirit   .     (helmet unavailable)
rElec  .         Dismiss  .     B - +0 cloak
rCorr  .         Reflect  .     (no gloves)
SustAt .         Harm     .     (no boots)
MR     .....                    y - amulet of regeneration
Stlth  ..........               (no ring)
                                (no ring)

@: drained, not resistant to hostile enchantments, extremely unstealthy
A: permanent stasis, dig shafts and tunnels, four strong arms, antennae 3,
talons 1, poison resistance, weak 1
a: Dig, Shaft Self, Depart the Abyss, Bend Space, Banish, Corrupt, Enter the
Abyss, Renounce Religion


You were on level 6 of the Dungeon.
You worshipped Lugonu.
Lugonu was extremely pleased with you.
You were hungry.

You visited 1 branch of the dungeon, and saw 6 of its levels.
You visited the Abyss 1 time.
You also visited: Sewer.

You collected 311 gold pieces.
You spent 230 gold pieces at shops.

Inventory:

Hand Weapons
 a - a +0 long sword
 z - a +2 falchion of holy wrath
 E - a +1 great sword (weapon)
Armour
 v - a +0 large shield (worn)
 B - a +0 cloak (worn)
 C - a +0 chain mail (worn)
Jewellery
 y - an amulet of regeneration (around neck)
Wands
 k - a wand of heal wounds (5/9)
Scrolls
 e - 2 scrolls of fear
 i - 2 scrolls of remove curse
 j - 5 scrolls of recharging
 r - 2 scrolls of enchant armour
Potions
 b - a potion of berserk rage {unknown}
 d - 2 potions of magic {unknown}
 g - a potion of invisibility
 h - a potion of ambrosia
 l - a potion of flight
 m - a potion of agility
 n - 3 potions of brilliance
 o - 2 potions of heal wounds
 p - a potion of cancellation {unknown}
 t - a potion of might {unknown}
 x - a potion of lignification {unknown}
Comestibles
 c - 8 bread rations
 w - 3 meat rations
 D - 5 fruits
 F - a slice of pizza


   Skills:
 + Level 6.3(5.1) Fighting
 + Level 5.4(4.3) Long Blades
 + Level 5.3(4.2) Armour
 + Level 4.5(3.4) Dodging
 + Level 5.0(3.9) Shields
 + Level 6.1(5.0) Invocations


You had 8 spell levels left.
You didn't know any spells.

Dungeon Overview and Level Annotations

Branches:
Dungeon (6/15)
 Temple: D:4-7

Altars:
Cheibriados
Nemelex Xobeh

Shops:
D:4 }*([%

Annotations:
D:4 TEITOKU's ghost, amateur DrFi
Abyss:1 Grinder


Innate Abilities, Weirdness & Mutations

You are under a permanent stasis effect.
You can dig through walls and to a lower floor.
Your four strong arms can wield two-handed weapons with a shield.
You have a pair of large antennae on your head (SInv).
You have sharp toenails.
Your system is resistant to poisons.
You are weak. (Str -2)


Message History

You dig through the rock wall.
Found 21 gold pieces.
You retract your mandibles.
You hit the electric eel.
The electric eel is lightly wounded.
The electric eel shoots out a bolt of lightning at you!
The bolt of electricity hits you! x2
The bolt of electricity hits the electric eel.
The electric eel completely resists.
You slash the electric eel!
The electric eel is heavily wounded.
The electric eel shoots out a bolt of lightning at you!
The bolt of electricity hits you! x2
The electric eel shoots out a bolt of lightning at you!
The bolt of electricity hits you! x2
* * * LOW HITPOINT WARNING * * *
The bolt of electricity hits the electric eel.
The electric eel completely resists.
The electric eel shoots out a bolt of lightning at you!
The bolt of electricity hits you!
You die...

#≈≈≈≈≈≈≈≈.;≈≈≈≈≈≈≈###...
#≈≈≈≈≈≈≈...≈≈≈≈≈≈≈.....
..≈≈≈≈≈≈$<.≈≈≈≈≈#....#
.≈≈#≈≈≈≈...≈≈≈≈≈≈≈...#
.≈#≈≈≈≈≈≈)≈≈≈≈≈≈≈≈...#
..≈≈≈≈≈≈#. #≈≈≈≈≈....##
#..≈≈≈≈≈.[≈♣≈≈≈;......#
#..#≈≈≈≈...≈≈≈≈.#.#.†.##
...≈≈≈≈≈;≈≈≈≈≈#@##....##
##....≈≈≈≈≈≈≈...#.......# .#
...†...≈≈.≈≈.....###....###..#
.......w..#..#....###....##..#
#..#......#........##.......#
#..#....###.........##......#
#..# ..####.................#
.... ..# #..................##
# ..... ..
.#...#####.........####


You could see an electric eel.

Vanquished Creatures
  Pikel (D:5)
  An ice beast (D:5)
  2 ogres
  A slave (D:4)
  4 big kobolds (Sewer)
  A giant frog (D:6)
  A scorpion (D:4)
  3 wights (D:6)
  A howler monkey (D:3)
  5 hounds
  A jelly (D:6)
  An orc priest (D:3)
  2 worker ants
  A hound zombie (D:6)
  A hound skeleton (D:4)
  4 river rats
  11 adders
  9 oozes
  An adder skeleton (D:5)
  2 adder zombies
  4 worms
  11 dart slugs
  3 giant geckos
  13 orcs
  6 ball pythons
  8 giant cockroaches
  15 goblins
  12 hobgoblins
  6 quokkas
  13 bats
  6 giant newts
  A jackal skeleton (D:4)
  13 kobolds
  15 rats
179 creatures vanquished.

Vanquished Creatures (others)
  A hound (D:5)
  A dart slug (D:6)
2 creatures vanquished.

Grand Total: 181 creatures vanquished

Notes
Turn   | Place    | Note
--------------------------------------------------------------
     0 | Abyss:1  | Gingerlord the Formicid Abyssal Knight began the quest for the Orb.
     0 | Abyss:1  | Reached XP level 1. HP: 18/18 MP: 2/2
    34 | D:1      | Escaped the Abyss
    79 | D:1      | Reached skill level 1 in Dodging
   209 | D:1      | Reached XP level 2. HP: 18/24 MP: 3/3
   328 | D:1      | Reached ** piety under Lugonu
   328 | D:1      | Reached XP level 3. HP: 27/30 MP: 4/4
   824 | D:2      | Reached XP level 4. HP: 29/37 MP: 5/5
  1522 | D:2      | Reached *** piety under Lugonu
  1626 | D:2      | Reached XP level 5. HP: 40/43 MP: 6/6
  1695 | D:2      | Found a sparkling altar of Nemelex Xobeh.
  2304 | D:3      | Reached skill level 1 in Shields
  2326 | D:3      | Reached XP level 6. HP: 49/49 MP: 8/8
  2391 | D:3      | Reached **** piety under Lugonu
  2808 | D:4      | Found Tavievit's Armour Shoppe.
  2815 | D:4      | Bought a +0 cloak for 63 gold pieces
  2815 | D:4      | Bought a +0 chain mail for 63 gold pieces
  2840 | D:4      | Found Upnimab's General Store.
  2867 | D:4      | Found a snail-covered altar of Cheibriados.
  2935 | D:4      | Found Bitear's Antique Weapon Boutique.
  2955 | D:4      | Reached XP level 7. HP: 37/55 MP: 9/9
  3036 | D:4      | Found Nanique's Gadget Shoppe.
  3178 | D:4      | Noticed TEITOKU's ghost (amateur DrFi)
  3191 | D:4      | Found Oquclosm's Food Shop.
  3374 | D:5      | Entered Level 5 of the Dungeon
  3410 | D:5      | Noticed Pikel
  3706 | D:5      | Killed Pikel
  3706 | D:5      | Reached skill level 5 in Fighting
  3706 | D:5      | Reached XP level 8. HP: 44/62 MP: 11/11
  3784 | D:4      | Bought a great sword for 104 gold pieces
  3942 | D:5      | Reached skill level 5 in Invocations
  4225 | D:5      | Noticed Grinder
  4229 | D:5      | Banished Grinder
  4400 | D:5      | Gained mutation: Your system is resistant to poisons. [potion of mutation]
  4400 | D:5      | Gained mutation: You are weak. (Str -2) [potion of mutation]
  4400 | D:5      | Gained mutation: You have sharp toenails. [potion of mutation]
  4568 | D:6      | Found a glowing drain.
  4581 | Sewer    | Entered a sewer
  4763 | Sewer    | Reached XP level 9. HP: 61/69 MP: 13/13
  4790 | Sewer    | Reached skill level 5 in Armour
  4970 | Sewer    | Reached skill level 5 in Long Blades
  5037 | Sewer    | Reached ***** piety under Lugonu
  5630 | D:6      | Reached skill level 5 in Shields
  5938 | D:6      | Killed from afar by an electric eel

Skill      XL: |  1  2  3  4  5  6  7  8  9 |
---------------+----------------------------+-----
Dodging        | 1 2 3 4 |  4.5
Fighting       | 4 5 6 |  6.3
Invocations    | 3 4 5 6 |  6.1
Shields        | 1 2 3 4 5 |  5.0
Long Blades    | 3 4 5 |  5.4
Armour         | 3 4 5 |  5.3

Action                   |  1- 3 |  4- 6 |  7- 9 || total
-------------------------+-------+-------+-------++-------
Melee: Falchion          |    91 |   257 |    69 ||   417
       Long sword        |       |       |    34 ||    34
       Great sword       |       |       |   286 ||   286
       Kick              |       |       |    52 ||    52
Invok: Banish            |       |       |     1 ||     1
 Abil: Dig               |       |     2 |     2 ||     4
  Use: Potion            |     1 |       |     3 ||     4
       Scroll            |       |     5 |    12 ||    17
  Eat: Chunk             |       |     7 |     8 ||    15
       Royal jelly       |       |       |     1 ||     1
       Pizza             |       |       |     1 ||     1
Armor: Leather armour    |    11 |       |       ||    11
       Ring mail         |    35 |    34 |       ||    69
       Scale mail        |       |    76 |       ||    76
       Chain mail        |       |    30 |   228 ||   258
Dodge: Dodged            |    70 |   154 |   102 ||   326
Block: Large shield      |       |       |   197 ||   197
